 Dungeon Crawl Stone Soup version 0.30.0-11-gf55b779eaf (webtiles) character file.

Game seed: 18022260933469166238

11927 GigaChad the Cleaver (level 12, -2/94 HPs)
             Began as a Formicid Fighter on May 17, 2023.
             Was an Initiate of Gozag.
             Succumbed to a black mamba's poison
             ... on level 2 of the Lair of Beasts.
             The game lasted 00:11:40 (7634 turns).

GigaChad the Cleaver (Formicid Fighter)             Turns: 7634, Time: 00:11:40

Health: -2/94      AC: 20    Str: 31    XL:     12   Next: 13%
Magic:  12/12      EV:  2    Int:  9    God:    Gozag
Gold:   945        SH: 35    Dex: 13    Spells: 11/11 levels left

rFire   . . .        a - +3 war axe
rCold   . . .        K - +18 shield of the Gong {Loud rN+ Will+ rCorr EV-5}
rNeg    + . .        j - +3 plate armour
rPois   .            (helmet unavailable)
rElec   .            (no cloak)
rCorr   +            (no gloves)
SInv    +            (no boots)
Will    ++...        h - amulet of reflection Stlth
                     k - +4 ring of protection
HPRegen 0.35/turn    F - +6 ring of strength
MPRegen 0.13/turn

%: reflection
@: lethally poisoned (-2 -> -49), attractive
A: permanent stasis, dig shafts and tunnels, antennae 3, four strong arms
a: Dig, Shaft Self, Renounce Religion, Potion Petition, Call Merchant, Bribe
Branch


You were on level 2 of the Lair of Beasts.
You worshipped Gozag.
Gozag was pleased with you.
You visited 2 branches of the dungeon, and saw 10 of its levels.

You collected 1098 gold pieces.
You paid 153 gold pieces to Gozag.

Inventory:

Hand Weapons
 a - a +3 war axe (weapon)
Armour
 b - a +0 scale mail
 c - a +0 buckler
 j - a +3 plate armour (worn)
 B - a +0 tower shield
 K - the +18 shield of the Gong (worn) {Loud rN+ Will+ rCorr EV-5}
   (You found it on level 8 of the Dungeon)

   Loud:      It is deafeningly noisy when blocking attacks.
   EV:        It affects your evasion (-5).
   rN:        It protects you from negative energy.
   rCorr:     It protects you from acid and corrosion.
   Will:      It increases your willpower.
Jewellery
 h - an amulet of reflection (around neck)
 k - a +4 ring of protection (left hand)
 l - an amulet of guardian spirit
 n - a ring of willpower
 r - a +6 ring of intelligence
 F - a +6 ring of strength (right hand)
 G - a ring of magical power
Wands
 t - a wand of mindburst (13)
 u - a wand of polymorph (12)
 x - a wand of roots (19)
 y - a wand of quicksilver (9)
 D - a wand of flame (39)
Scrolls
 e - 7 scrolls of identify
 g - 2 scrolls of teleportation {unknown}
 i - 2 scrolls of magic mapping {unknown}
 o - a scroll of blinking
 s - 2 scrolls of fear {unknown}
 w - a scroll of enchant weapon
 z - 2 scrolls of amnesia {unknown}
 H - a scroll of vulnerability {unknown}
 I - a scroll of enchant armour
Potions
 d - 2 potions of might
 f - a potion of brilliance
 m - 2 potions of curing {unknown}
 p - 3 potions of attraction
 q - 3 potions of degeneration {unknown}
 v - 3 potions of magic {unknown}
 C - a potion of flight {unknown}
 E - a potion of berserk rage {unknown}
 J - a potion of lignification {unknown}


   Skills:
 * Level 8.4 Fighting
 * Level 12.9 Axes
 * Level 8.4 Armour
 * Level 12.6 Shields


You had 11 spell levels left.
You didn't know any spells.
Your spell library contained the following spells:

 Spells                   Type           Power      Damage    Failure   Level
 Slow                     Hex            0%         N/A       99%         1
 Confusing Touch          Hex            0%         N/A       100%        3
 Vampiric Draining        Necr           0%         2d6       100%        3
 Summon Lightning Spire   Summ/Air       0%         N/A       100%        4
 Storm Form               Tmut/Air       0%         N/A       100%        7
 Maxwell's Capacitive Co  Air            0%         ∞         100%        8


Dungeon Overview and Level Annotations

Branches:
Dungeon (8/15)               Lair (2/5) D:8
 Temple: D:4-7        Swamp: Lair:2-3    Shoals: Lair:2-3     Snake: Lair:2-3
 Spider: Lair:2-3

Altars:
Ashenzari
Cheibriados
Dithmenos
Fedhas
Gozag
Kikubaaqudgha
Makhleb
Nemelex Xobeh
Qazlal
Ru
Sif Muna
Vehumet
The Shining One

Shops:
D:4 (


Innate Abilities, Weirdness & Mutations

You cannot be hasted, slowed, berserked, paralysed or teleported.
You can dig through walls and to a lower floor.
You have a pair of large antennae on your head. (SInv)
Your four strong arms can wield two-handed weapons with a shield.


Message History

There is a lethal amount of poison in your body!
It was a potion of attraction.
You feel attractive to monsters.
* * * LOW HITPOINT WARNING * * *
You feel very sick. You block the black mamba's attack.
BOUMMMMG!
You block the water moccasin's attack.
BOUMMMMG!
You hear a shout!
The black mamba is attracted toward you.
Unknown command.
You feel much better.
You feel very sick. You block the black mamba's attack.
GONNNNG!
The black mamba bites you!
You are lethally poisoned!
The black mamba poisons you! You block the water moccasin's attack.
GONNNNG!
You block the black mamba's attack.
GONNNNG!
Okay, then.
Are you sure you want to shaft yourself?
* * * LOW HITPOINT WARNING * * *
You feel extremely sick. You block the black mamba's attack.
BONNNG!
You block the black mamba's attack.
PANG!
You block the water moccasin's attack.
SHROANNG!
The black mamba bites you but does no damage.
The black mamba bites you!
* * * LOW HITPOINT WARNING * * *
You are more poisoned.
The black mamba poisons you!
You hear an angry hiss.
You begin to dig a shaft.
You continue digging a shaft.
You die...
Your body crumbles into a pile of gold.

##.).# #....##
##....# #....#
##### #
##...[###P#.###..
#....$...........
##...............
#......$.........
##.....$@S......#
###......SS.......
#...............$#
###.............!#
#...............
#...............
#...............
#...............
##...###..P.##.


You could see 2 black mambas and a water moccasin.

Vanquished Creatures
  Gastronok (Lair:2)
  Nergalle (Lair:2)
  Pikel (D:8)
  2 cane toads (Lair:1)
  4 black mambas
  A torpor snail (Lair:1)
  2 vault sentinels (D:8)
  A kobold demonologist (D:7)
  Grinder (D:5)
  Eustachio (D:6)
  19 yaks
  A wyvern (Lair:1)
  Duvessa (D:7)
  2 orc warriors
  4 water moccasins
  An ice beast (D:7)
  3 black bears
  An ogre (D:4)
  3 lemures (D:8)
  3 wolves (Lair:1)
  A centaur (D:7)
  A phantom (D:5)
  A kobold brigand (D:7)
  5 bullfrogs
  3 scorpions
  Dowan (D:7)
  14 killer bees (D:8)
  5 howler monkeys (D:7)
  A crimson imp (D:8)
  4 hounds
  5 jellies
  An orc priest (D:4)
  A sleepcap (D:7)
  4 orc wizards
  4 gnolls (D:2)
  8 adders
  2 shadow imps (D:6)
  3 worms
  4 dart slugs
  23 orcs
  5 bats
  6 endoplasms
  2 giant cockroaches
  6 goblins
  7 hobgoblins
  8 jackals
  A ball python (D:1)
  2 frilled lizards
  12 kobolds
  7 rats
200 creatures vanquished.

Notes
Turn   | Place    | Note
-------+----------+-------------------------------------------
     0 | D:1      | GigaChad the Formicid Fighter began the quest for the Orb.
     0 | D:1      | Reached XP level 1. HP: 18/18 MP: 1/1
   175 | D:1      | Reached XP level 2. HP: 22/24 MP: 2/2
   270 | D:1      | Reached XP level 3. HP: 28/29 MP: 3/3
   320 | D:1      | You fall into a shaft and drop 1 floor!
   484 | D:2      | Reached XP level 4. HP: 29/37 MP: 4/4
   791 | D:2      | Found a sacrificial altar of Ru.
   867 | D:2      | Reached XP level 5. HP: 42/42 MP: 5/5
  2361 | D:4      | Reached XP level 6. HP: 48/48 MP: 6/6
  2667 | D:4      | Noticed an ogre
  2675 | D:4      | Killed an ogre
  2676 | D:4      | Reached skill level 5 in Axes
  2916 | D:4      | Reached XP level 7. HP: 42/55 MP: 7/7
  2976 | D:4      | Found Gud Mei's Firing Range.
  3079 | D:4      | Reached skill level 5 in Shields
  3316 | D:5      | Entered Level 5 of the Dungeon
  3316 | D:5      | Noticed Grinder
  3345 | D:5      | Killed Grinder
  3346 | D:5      | Reached skill level 5 in Armour
  3346 | D:5      | Reached XP level 8. HP: 47/61 MP: 8/8
  3409 | D:5      | Noticed a yak
  3410 | D:5      | Noticed a yak
  3411 | D:5      | Noticed a yak
  3419 | D:5      | Killed a yak
  3420 | D:5      | Reached skill level 5 in Fighting
  3424 | D:5      | Killed a yak
  3430 | D:5      | Killed a yak
  4010 | D:5      | Reached XP level 9. HP: 64/68 MP: 9/9
  4684 | D:6      | Found a snail-covered altar of Cheibriados.
  4879 | D:6      | Noticed Eustachio
  4891 | D:6      | Killed Eustachio
  5042 | D:6      | Found an ancient bone altar of Kikubaaqudgha.
  5045 | D:6      | Found a blossoming altar of Fedhas.
  5144 | D:7      | Noticed a kobold demonologist
  5152 | D:7      | Killed a kobold demonologist
  5301 | D:7      | Noticed Duvessa
  5302 | D:7      | Noticed Dowan
  5308 | D:7      | Killed Duvessa
  5310 | D:7      | Killed Dowan
  5311 | D:7      | Reached XP level 10. HP: 74/77 MP: 10/10
  5352 | D:7      | Reached skill level 10 in Axes
  5432 | D:7      | Identified the +4 scale mail "Mediruig" {rCorr}
  5720 | D:8      | Found a shadowy altar of Dithmenos.
  5722 | D:8      | Found a broken altar of Ashenzari.
  5722 | D:8      | Found a sacrificial altar of Ru.
  5722 | D:8      | Found a sparkling altar of Nemelex Xobeh.
  5723 | D:8      | Found an opulent altar of Gozag.
  5723 | D:8      | Found a shimmering blue altar of Sif Muna.
  5723 | D:8      | Found a glowing golden altar of the Shining One.
  5723 | D:8      | Found a stormy altar of Qazlal.
  5742 | D:8      | Became a worshipper of Gozag Ym Sagoz the Greedy
  5770 | D:8      | Found a radiant altar of Vehumet.
  5773 | D:8      | Found a burning altar of Makhleb.
  6239 | D:8      | Found a staircase to the Lair.
  6279 | D:8      | Noticed a vault sentinel
  6279 | D:8      | Noticed a vault sentinel
  6302 | D:8      | Killed a vault sentinel
  6309 | D:8      | Killed a vault sentinel
  6460 | D:8      | Found the +18 shield of the Gong {Loud rN+ Will+ rCorr
                  | EV-5}
  6612 | D:8      | Noticed Pikel
  6617 | D:8      | Killed Pikel
  6671 | Lair:1   | Entered Level 1 of the Lair of Beasts
  6740 | Lair:1   | Reached skill level 10 in Shields
  6740 | Lair:1   | Reached XP level 11. HP: 80/84 MP: 11/11
  7536 | Lair:2   | Noticed Nergalle
  7545 | Lair:2   | Noticed a spectral orc warlord
  7552 | Lair:2   | Killed Nergalle
  7562 | Lair:2   | Noticed Gastronok
  7584 | Lair:2   | Killed Gastronok
  7585 | Lair:2   | Reached XP level 12. HP: 31/94 MP: 12/12
  7629 | Lair:2   | HP: 3/94 [black mamba (13)]
  7634 | Lair:2   | Succumbed to a black mamba's poison

Illustrated notes

Levels and vault maps discovered:
D:1:      matt_arrival_spirals, layout_loops_ring,
          corexii_item_surrounded_by_moat
D:2:      minmay_chambers_of_ones, layout_loops_corners, basic_altar
D:3:      layout_loops_corners, grunt_ministairs_8
D:4:      layout_basic, nicolae_shop_firing_range
D:5:      layout_basic, uniq_grinder
D:6:      layout_loops_cross, grunt_temple_overflow_growth_and_decay,
          nicolae_overflow_hidden_temple, uniq_eustachio
D:7:      layout_basic, minmay_temple_entry_from_below_a, serial_curves,
          eino_curves_03, eino_curves_02, uniq_duvessa
D:8:      layout_basic, grunt_temple_overflow_lords_of_destruction,
          grunt_temple_overflow_open, lair_entry_dummy,
          hellmonk_guarded_unrand_gong, uniq_pikel
Lair:1:   layout_misc_corridors, st_stairs_7, grunt_megastairs_3
Lair:2:   layout_long_grid, nicolae_shoals_entry_flooding,
          minmay_snake_entry_six_corridors, st_stairs_6, uniq_nergalle,
          uniq_gastronok, uniq_urug

Skill      XL: |  1  2  3  4  5  6  7  8  9 10 11 |
---------------+----------------------------------+-----
Axes           | 3 4 5 6 8 9 11 12 | 12.9
Fighting       | 4 5 6 7 8 |  8.4
Armour         | 4 5 6 7 8 |  8.4
Shields        | 5 6 7 10 12 | 12.6

Action                     |  1- 3 |  4- 6 |  7- 9 | 10-12 || total
---------------------------+-------+-------+-------+-------++-------
  Melee: War axe           |    63 |   164 |   167 |   297 ||   691
Ability: Dig               |       |     2 |       |       ||     2
         Shaft Self        |       |       |       |     1 ||     1
    Use: Scroll            |       |    10 |     1 |       ||    11
         Potion            |       |       |     1 |     3 ||     4
   Stab: Distracted        |       |       |       |     2 ||     2
 Armour: Scale mail        |    23 |       |       |       ||    23
         Plate armour      |     6 |    90 |   114 |    78 ||   288
  Dodge: Dodged            |    32 |    47 |    36 |    29 ||   144
  Block: Buckler           |    18 |    54 |    26 |       ||    98
         Tower shield      |       |       |    75 |   127 ||   202
         Reflection        |       |       |     4 |     4 ||     8
         Kite shield       |       |       |       |   260 ||   260
